 Dungeon Crawl Stone Soup version 0.26-a0-658-gbdda728c12 (webtiles) character file.

Game seed: 1772542663573546629

57871 marklar909 the Unseen (level 15, -3/93 HPs)
             Began as a Kobold Enchanter on Oct 4, 2020.
             Was the Champion of Kikubaaqudgha.
             Slain by a catoblepas (13 damage)
             ... while petrified by you
             ... on level 6 of the Lair of Beasts on Oct 5, 2020.
             The game lasted 01:04:23 (27521 turns).

marklar909 the Unseen (Kobold Enchanter)           Turns: 27521, Time: 01:04:24

Health: -3/93      AC:  9    Str:  8    XL:     15   Next: 27%
Magic:  17/25      EV:  3    Int: 23    God:    Kikubaaqudgha [******]
Gold:   1992       SH:  0    Dex: 16    Spells: 1/28 levels left

rFire    + + .     SeeInvis .   g - +4 rapier (elec)
rCold    . . .     Faith    .   Q - +0 buckler
rNeg     + + +     Spirit   .   a - +2 robe of Shielding {rElec rF++ Regen+ Stlth+}
rPois    ∞         Reflect  .   K - +1 hat {Int+3}
rElec    +         Harm     .   x - +0 cloak
rCorr    .         Rampage  .   n - +0 pair of gloves
MR       +....                  t - +1 pair of boots
Stlth    +++++++++.             D - amulet of the acrobat
HPRegen  0.65/turn              B - ring of stealth
MPRegen  0.19/turn              o - +4 ring of slaying

@: petrified
A: small, nightstalker 3
a: Receive Corpses, Torment, Renounce Religion


You were on level 6 of the Lair of Beasts.
You worshipped Kikubaaqudgha.
Kikubaaqudgha was exalted by your worship.
You visited 2 branches of the dungeon, and saw 19 of its levels.
You also visited: Bailey.

You collected 1992 gold pieces.

Inventory:

Hand Weapons
 g - a +4 rapier of electrocution (weapon)
 i - a +2 short sword of venom
Armour
 a - the +2 robe of Shielding (worn) {rElec rF++ Regen+ Stlth+}
   (You found it on level 9 of the Dungeon)

   It greatly protects you from fire.
   It insulates you from electricity.
   It increases your rate of regeneration.
   It makes you more stealthy.
 n - a +0 pair of gloves (worn)
 t - a +1 pair of boots (worn)
 x - a +0 cloak (worn)
 K - a +1 hat of intelligence (worn)
 Q - a +0 buckler (worn)
 Y - a scarf of shadows
Jewellery
 o - a +4 ring of slaying (right hand)
 y - an uncursed ring of positive energy
 A - a +4 ring of evasion
 B - a ring of stealth (left hand)
 D - an amulet of the acrobat (around neck)
 I - an uncursed amulet of regeneration {unknown}
 M - an uncursed ring of wizardry
 N - an uncursed ring of flight
 P - an uncursed amulet of guardian spirit {unknown}
Wands
 j - a wand of random effects (21)
 s - a wand of digging (14)
 w - a wand of polymorph (13)
 F - a wand of acid (26)
 H - a wand of paralysis (7)
 R - a wand of flame (21)
 V - a wand of iceblast (19)
Scrolls
 k - 2 scrolls of amnesia
 r - a scroll of blinking
 v - 2 scrolls of fog
 E - 4 scrolls of identify
 J - a scroll of holy word
 L - 2 scrolls of immolation
 T - 5 scrolls of remove curse
 W - a scroll of magic mapping
Potions
 b - 2 potions of mutation
 c - 4 potions of flight
 d - a potion of lignification
 e - 2 potions of heal wounds
 h - 3 potions of stabbing
 m - 6 potions of might
 p - 4 potions of haste
 u - 4 potions of magic
 z - 3 potions of ambrosia
 C - 4 potions of curing
 G - 3 potions of degeneration {unknown}
 U - 2 potions of invisibility {unknown}
 X - 2 potions of brilliance {unknown}
Miscellaneous
 l - a box of beasts (inert)
 O - a condenser vane (1/2)


   Skills:
 * Level 10.9 Fighting
 + Level 11.5 Short Blades
 + Level 3.2 Armour
 * Level 11.5 Dodging
 + Level 15.3 Stealth
 * Level 4.2 Shields
 + Level 0.2 Unarmed Combat
 + Level 7.0 Spellcasting
 + Level 3.6 Conjurations
 * Level 9.7 Hexes
 * Level 9.0 Necromancy
 + Level 3.4 Ice Magic
 + Level 2.7 Evocations


You had one spell level left.
You knew the following spells:

 Your Spells              Type           Power        Failure   Level
a - Dazzling Flash        Conj/Hex       #####.       1%          3
b - Ensorcelled Hibernat  Hex/Ice        #####.       1%          2
c - Confusing Touch       Hex            ######..     1%          3
d - Vampiric Draining     Necr           #####.....   1%          3
e - Tukima's Dance        Hex            ######..     1%          3
f - Dispel Undead         Necr           #####...     1%          4
g - Agony                 Necr           #####...     5%          5
h - Animate Dead          Necr           #####.....   1%          4

Your spell library contained the following spells:

 Spells                   Type           Power        Failure   Level
 Animate Skeleton         Necr           #####.       1%          1
 Corona                   Hex            ######.      1%          1
 Pain                     Necr           ####         1%          1
 Apportation              Tloc           #.....       9%          1
 Summon Small Mammal      Summ           #...         9%          1
 Corpse Rot               Necr/Air       N/A          1%          2
 Sublimation of Blood     Necr           #####.....   1%          2
 Searing Ray              Conj           ####..       2%          2
 Excruciating Wounds      Necr           #####.....   5%          5
 Stone Arrow              Conj/Erth      ###...       12%         3
 Leda's Liquefaction      Hex/Erth       ####......   12%         4
 Hailstorm                Conj/Ice       ###.....     19%         4
 Ignite Poison            Fire/Tmut/Pois #.......     26%         3
 Simulacrum               Ice/Necr       #####.....   69%         6
 Fireball                 Conj/Fire      ###.......   73%         5
 Bolt of Magma            Conj/Fire/Erth ##........   82%         5
 Iron Shot                Conj/Erth      ###.......   99%         6
 Starburst                Conj/Fire      ###.......   99%         6
 Statue Form              Tmut/Erth      #........    100%        6
 Haunt                    Necr/Summ      ####......   100%        7
 Borgnjor's Revivificati  Necr           #####.....   100%        8
 Ignition                 Fire           #.........   100%        8
 Infestation              Necr           #####.....   100%        8
 Necromutation            Tmut/Necr      ####......   100%        8
 Death's Door             Necr           #####.....   100%        9
 Shatter                  Erth           #.........   100%        9


Dungeon Overview and Level Annotations

Branches:
Dungeon (13/15)            Temple (0/1) D:5            Lair (6/6) D:8
  Swamp (0/4) Lair:3       Spider (0/4) Lair:4          Orc (0/2) D:9
 Bailey (visited)
  Slime: Lair:5-6    Vaults: D:13-14

Altars:
Ashenzari
Cheibriados
Elyvilon
Fedhas
Gozag
Hepliaklqana
Kikubaaqudgha
Nemelex Xobeh
Okawaru
Qazlal
Ru
Uskayaw
Wu Jian
Yredelemnul


Innate Abilities, Weirdness & Mutations

You are small and have problems with some larger weapons.
You are completely attuned to the shadows.


Message History

Unknown command.
The catoblepas breathes a plume of calcifying dust at you.
The blast of calcifying dust hits you.
You have turned to stone.
You are engulfed in calcifying dust.
The catoblepas gores you!
You are engulfed in calcifying dust.
The catoblepas barely misses you.
You are engulfed in calcifying dust.
The catoblepas gores you!
You are engulfed in calcifying dust.
The catoblepas gores you!!
You are engulfed in calcifying dust.
The catoblepas gores you!!
* * * LOW HITPOINT WARNING * * *
You are engulfed in calcifying dust.
The catoblepas breathes a plume of calcifying dust at you.
The blast of calcifying dust hits you.
* * * LOW HITPOINT WARNING * * *
The catoblepas gores you!
* * * LOW HITPOINT WARNING * * *
The catoblepas gores you!!
* * * LOW HITPOINT WARNING * * *
The catoblepas gores you!!
You die...
Kikubaaqudgha rasps: "You have failed me!
Welcome... oblivion!"

##.## ...# ##........ #P.##
Y.##### #P........ #...#
.###.#P..## #.........
#P..# .....#....##
###....... #P.##
.....†...#.# ##.....# ##
##.# ......#....# ###....P#
.###..# #...#.Y....#
#........ ......##
#..P###Y#..# ###.......
.......#
##.##.@.#...##.#.......
.......#
###....#..P#..........
.......#
#####...#...##..###.##.
......## ##..P###.#..# #..#
.##.. ......#
##....#.†...P###..# ##.
......# #.#..........##...#
#.
......####.........#.##...#
#.
...(...##......#....####.##
#. .......##..#####P..##
#..# ##.


You could see a catoblepas.

Vanquished Creatures
  Gastronok (D:8)
  A dire elephant (Lair:5)
  2 boulder beetles (D:11)
  A hydra (Lair:4)
  2 two-headed ogres
  3 death yaks
  A fire crab (Lair:5)
  2 lindwurms
  Pikel (D:8)
  2 orc knights (Bailey)
  3 ugly things
  A manticore (Lair:6)
  A cyclops (D:11)
  A torpor snail (Lair:6)
  9 black mambas
  14 elephants
  14 cane toads
  3 komodo dragons
  2 rime drakes
  A kobold demonologist (D:12)
  4 jumping spiders
  2 polar bears
  2 trolls
  2 hornets
  A dream sheep (Lair:6)
  3 slime creatures (D:12)
  6 blink frogs
  3 redbacks (Lair:4)
  8 wyverns
  A shadow (D:11)
  67 yaks
  2 hogs (Lair:5)
  4 basilisks
  Grum (D:8)
  A steam dragon (D:9)
  6 vampire mosquitoes (D:12)
  2 soldier ants
  2 swamp worms (D:8)
  2 acid dragons
  20 water moccasins
  5 black bears
  15 orc warriors
  4 ice beasts
  2 necrophages
  8 phantoms
  4 sky beasts
  An eye of draining (D:12)
  15 wolves
  6 ogres
  3 centaurs
  4 big kobolds
  24 bullfrogs
  A wyvern skeleton (D:7)
  4 scorpions
  19 wights
  3 electric eels
  8 jellies
  8 howler monkeys
  5 centaur zombies
  4 bullfrog zombies
  A quasit (D:6)
  4 bullfrog skeletons
  2 hounds
  14 orc priests
  15 orc wizards
  4 iguanas
  11 worker ants
  5 hell rats (Lair:2)
  2 worker ant zombies
  3 gnolls
  13 adders
  A shadow imp (D:6)
  3 white imps
  An ufetubus (D:7)
  An adder zombie (D:8)
  2 worms (D:4)
  3 dart slugs
  2 leopard geckos
  73 orcs
  2 giant cockroaches
  5 goblins
  11 hobgoblins
  20 jackals
  4 quokkas
  A ball python (D:3)
  5 bats
  7 frilled lizards
  A jackal zombie (D:7)
  44 kobolds
  A leopard gecko skeleton (D:4)
  A leopard gecko zombie (D:5)
  3 rats
  A rat zombie (D:2)
613 creatures vanquished.

Vanquished Creatures (collateral kills)
  Kirke (Lair:5)
1 creature vanquished.

Vanquished Creatures (others)
  An orc (D:11)
  36 fungi
  46 plants
  9 toadstools (Lair:5)
92 creatures vanquished.

Grand Total: 706 creatures vanquished

Notes
Turn   | Place    | Note
-------+----------+-------------------------------------------
     0 | D:1      | marklar909 the Kobold Enchanter began the quest for the
                  | Orb.
     0 | D:1      | Reached XP level 1. HP: 10/10 MP: 3/3
   157 | D:1      | Reached XP level 2. HP: 15/15 MP: 5/5
   399 | D:1      | Reached skill level 1 in Fighting
   414 | D:1      | Reached XP level 3. HP: 8/20 MP: 0/6
   607 | D:1      | Learned a level 2 spell: Ensorcelled Hibernation
   611 | D:1      | Learned a level 3 spell: Confusing Touch
  1805 | D:2      | Reached XP level 4. HP: 25/25 MP: 7/7
  1928 | D:2      | Reached skill level 5 in Stealth
  2146 | D:2      | Found an ancient bone altar of Kikubaaqudgha.
  2334 | D:2      | Became a worshipper of Kikubaaqudgha
  2603 | D:3      | Reached XP level 5. HP: 25/30 MP: 8/8
  2803 | D:3      | Found a hide-covered altar of Uskayaw.
  3437 | D:3      | Learned a level 3 spell: Tukima's Dance
  3487 | D:3      | Reached * piety under Kikubaaqudgha
  3487 | D:3      | Identified Kikubaaqudgha's Guide on Sinister Magic
                  | (Kikubaaqudgha gifted it to you on level 3 of the Dungeon)
  3487 | D:3      | Received a gift from Kikubaaqudgha
  3557 | D:4      | Found a sacrificial altar of Ru.
  4094 | D:4      | Reached XP level 6. HP: 36/36 MP: 9/9
  4298 | D:4      | Reached skill level 6 in Stealth
  4420 | D:4      | Found a basalt altar of Yredelemnul.
  4420 | D:4      | Found a hazy altar of Hepliaklqana.
  4485 | D:4      | Reached skill level 1 in Armour
  4602 | D:4      | Found an ornate altar of the Wu Jian Council.
  4603 | D:4      | Found a stormy altar of Qazlal.
  4604 | D:4      | Found a blossoming altar of Fedhas.
  4608 | D:4      | Found an iron altar of Okawaru.
  4661 | D:4      | Found a white marble altar of Elyvilon.
  4686 | D:4      | Found a sparkling altar of Nemelex Xobeh.
  4819 | D:5      | Entered Level 5 of the Dungeon
  4825 | D:5      | Reached XP level 7. HP: 40/40 MP: 10/10
  4829 | D:5      | Learned a level 2 spell: Corpse Rot
  4874 | D:5      | Found a staircase to the Ecumenical Temple.
  5137 | D:5      | Reached skill level 1 in Necromancy
  5176 | D:5      | Reached XP level 8. HP: 8/46 MP: 8/12
  5872 | D:5      | Found a broken altar of Ashenzari.
  5882 | D:5      | Reached skill level 5 in Short Blades
  6504 | D:6      | Reached ** piety under Kikubaaqudgha
  7059 | D:6      | Found an opulent altar of Gozag.
  7068 | D:6      | Reached skill level 7 in Stealth
  7151 | D:6      | Reached skill level 5 in Dodging
  7171 | D:6      | Reached XP level 9. HP: 52/52 MP: 13/13
  7179 | D:6      | Learned a level 3 spell: Dazzling Flash
  7605 | D:6      | Reached skill level 5 in Fighting
  8036 | D:7      | Reached skill level 8 in Stealth
  8144 | D:7      | Reached skill level 1 in Ice Magic
  8169 | D:7      | Reached *** piety under Kikubaaqudgha
  8169 | D:7      | Identified Kikubaaqudgha's Compendium of Evil Magic
                  | (Kikubaaqudgha gifted it to you on level 7 of the Dungeon)
  8169 | D:7      | Received a gift from Kikubaaqudgha
  8721 | D:7      | Reached skill level 5 in Hexes
  8957 | D:7      | Reached skill level 9 in Stealth
  9333 | D:8      | Noticed Grum
  9336 | D:8      | Killed Grum
  9336 | D:8      | Reached XP level 10. HP: 59/59 MP: 15/15
  9538 | D:8      | Learned a level 3 spell: Vampiric Draining
  9545 | D:8      | Reached skill level 10 in Stealth
  9747 | D:8      | Noticed Pikel
  9764 | D:8      | Killed Pikel
 10543 | D:8      | Reached **** piety under Kikubaaqudgha
 10610 | D:8      | Noticed Gastronok
 10717 | D:8      | Killed Gastronok
 10717 | D:8      | Reached skill level 5 in Necromancy
 10717 | D:8      | Reached XP level 11. HP: 52/67 MP: 14/17
 10860 | D:8      | Found a staircase to the Lair.
 11437 | D:9      | Reached skill level 1 in Conjurations
 11445 | D:9      | Reached skill level 11 in Stealth
 11763 | D:6      | Got a heavily runed scale mail
 11770 | D:6      | Identified the +1 scale mail "Igham" {rCorr} (You found it
                  | on level 6 of the Dungeon)
 11845 | D:9      | Got a transparent robe
 11846 | D:9      | Identified the +2 robe of Shielding {rElec rF++ Regen+
                  | Stlth+} (You found it on level 9 of the Dungeon)
 12599 | D:9      | Learned a level 4 spell: Dispel Undead
 12630 | D:9      | Found a white marble altar of Elyvilon.
 13169 | D:9      | Found a staircase to the Orcish Mines.
 13221 | D:9      | Found a snail-covered altar of Cheibriados.
 13277 | D:10     | Entered Level 10 of the Dungeon
 13307 | D:10     | Noticed a two-headed ogre
 13429 | D:9      | Killed a two-headed ogre
 13434 | D:9      | Reached ***** piety under Kikubaaqudgha
 13600 | D:10     | Reached skill level 5 in Spellcasting
 13769 | D:10     | Reached XP level 12. HP: 74/74 MP: 15/19
 14187 | D:10     | You fall into a shaft and drop 3 floors!
 14521 | D:12     | Reached skill level 12 in Stealth
 14784 | D:11     | Noticed a boulder beetle
 14808 | D:11     | Killed a boulder beetle
 14907 | D:11     | Noticed a boulder beetle
 14913 | D:11     | Killed a boulder beetle
 15090 | D:11     | Found a flagged portal.
 15098 | Bailey   | Entered a bailey
 16523 | D:11     | Reached skill level 1 in Evocations
 16973 | D:10     | Reached XP level 13. HP: 80/80 MP: 17/21
 17292 | D:12     | Reached skill level 10 in Short Blades
 17292 | D:12     | Reached skill level 13 in Stealth
 17727 | D:11     | Reached ****** piety under Kikubaaqudgha
 17802 | D:11     | Received a gift from Kikubaaqudgha
 17812 | D:11     | Learned a level 5 spell: Agony
 18381 | Lair:1   | Entered Level 1 of the Lair of Beasts
 18607 | Lair:1   | Reached skill level 1 in Shields
 19012 | Lair:1   | Reached skill level 10 in Dodging
 20461 | Lair:2   | Identified a scroll of acquirement
 20461 | Lair:2   | Acquired a +0 rapier of electrocution
 20820 | Lair:3   | Reached skill level 14 in Stealth
 20878 | Lair:3   | Reached XP level 14. HP: 73/87 MP: 9/23
 21126 | Lair:3   | Found a staircase to the Swamp.
 21657 | Lair:3   | You fall into a shaft and drop 1 floor!
 21694 | Lair:4   | Reached skill level 10 in Fighting
 23159 | Lair:4   | Identified Niwor's Papyrus of Confrontation
 24034 | Lair:4   | Found a hole to the Spider Nest.
 24597 | Lair:5   | Noticed a dire elephant
 24618 | Lair:5   | Found a runed translucent door.
 24734 | Lair:5   | Noticed Kirke
 25404 | Lair:5   | Killed Kirke
 25404 | Lair:5   | Reached skill level 15 in Stealth
 25847 | Lair:5   | Killed a dire elephant
 25847 | Lair:5   | Reached XP level 15. HP: 52/93 MP: 24/24
 26116 | Lair:6   | Entered Level 6 of the Lair of Beasts
 26399 | Lair:5   | Learned a level 4 spell: Animate Dead
 27521 | Lair:6   | Slain by a catoblepas

Illustrated notes

Levels and vault maps discovered:
D:1:      lemuel_arrival_room, layout_basic, st_stairs_3, chequers_jeans
D:2:      minmay_door_path, layout_basic, lemuel_zombie_altar_kikubaaqudgha,
          minmay_circle_x
D:3:      layout_basic, lemuel_round_altar
D:4:      layout_rooms, lemuel_crystal_altar, old_standard_altar,
          gammafunk_temple_overflow_wave,
          chequers_temple_overflow_statue_of_worship, kennysheep_mini_moat
D:5:      layout_basic, evilmike_ruin_ashenzari,
          minmay_temple_entry_gardened_gates, grunt_ministairs_5
D:6:      layout_basic, serial_glass, glass_columns_b, glass_columns_b,
          nicolae_gozag_seed_capital
D:7:      layout_gridville, hangedman_glass_teeth, minmay_increasing_density
D:8:      layout_basic, grunt_lair_entry_orc_guard_hut, worms_lemuel,
          uniq_gastronok, uniq_pikel, uniq_grum
D:9:      layout_loops_ring, marbit_many_paths, david_orc_4, elyvilon_altar_3
D:10:     layout_basic
D:11:     layout_roguey, enter_bailey_2
D:12:     layout_cave_pools
D:13:     layout_basic
Lair:1:   layout_chaotic_city, wad_woods_river_01
Lair:2:   layout_loops_ring, columned_hall_lemuel, grunt_megastairs_2,
          infiniplex_staircase_pool
Lair:3:   layout_regular_city, swamp_mist_pool, lemuel_old_faithful,
          serial_bayou_shore_b
Lair:4:   layout_cave_shapes, nicolae_spider_entry_tight_spaces,
          serial_bayou_shore_b, serial_bayou_shore_b, grunt_megastairs_3,
          serial_bayou_shore_b
Lair:5:   gammafunk_lair_enchanted_lake, layout_misc_corridors, uniq_kirke
Lair:6:   hangedman_lair_in_review, layout_gridlike,
          hangedman_lair_caniforms_friends, dpeg_slime_entry_enclosed_altar,
          nicolae_quartered_pool_medium, st_stairs_4, minmay_lair_oklob_items

Skill      XL: |  1  2  3  4  5  6  7  8  9 10 11 12 13 14 15 |
---------------+----------------------------------------------+-----
Fighting       | 1 2 3 4 5 7 8 9 10 | 10.9
Dodging        | 3 4 5 7 8 9 10 11 | 11.5
Stealth        | 5 6 7 9 10 11 12 14 15 | 15.3
Short Blades   | 2 3 4 5 6 7 8 9 10 11 | 11.5
Armour         | 1 2 3 |  3.2
Hexes          | 4 5 6 7 8 9 |  9.7
Necromancy     | 1 2 3 5 7 8 9 |  9.0
Spellcasting   | 3 4 5 6 7 |  7.0
Ice Magic      | 1 2 3 |  3.4
Conjurations   | 1 2 3 |  3.6
Evocations     | 1 2 |  2.7
Shields        | 2 3 4 |  4.2
Unarmed Combat | |  0.2

Action                   |  1- 3 |  4- 6 |  7- 9 | 10-12 | 13-15 || total
-------------------------+-------+-------+-------+-------+-------++-------
Melee: Dagger            |    13 |       |       |       |       ||    13
       Short sword       |    51 |   154 |   293 |   700 |   358 ||  1556
       Unarmed           |       |       |       |     5 |     1 ||     6
       Rapier            |       |       |       |       |   521 ||   521
 Cast: Corona            |     9 |     2 |       |       |       ||    11
       Ensorcelled Hiber |     2 |       |     7 |    22 |    71 ||   102
       Confusing Touch   |       |       |    10 |    22 |    42 ||    74
       Corpse Rot        |       |       |     1 |       |       ||     1
       Dazzling Flash    |       |       |     3 |    77 |    79 ||   159
       Vampiric Draining |       |       |       |     5 |       ||     5
       Dispel Undead     |       |       |       |     8 |     4 ||    12
       Agony             |       |       |       |       |     6 ||     6
Invok: Receive Necronomi |       |       |       |       |     1 ||     1
 Abil: Evoke Flight      |       |       |       |     7 |       ||     7
Evoke: Condenser vane    |       |       |       |     1 |     2 ||     3
       Box of beasts     |       |       |       |       |     3 ||     3
       Wand              |       |       |       |       |     2 ||     2
  Use: Scroll            |     1 |     3 |     5 |    12 |    23 ||    44
       Potion            |       |       |       |     3 |       ||     3
 Stab: Sleeping          |    18 |    21 |    38 |    57 |    97 ||   231
       Confused          |       |       |     6 |    21 |    37 ||    64
       Invisible         |       |       |     2 |    42 |    38 ||    82
       Distracted        |       |       |     1 |     4 |     2 ||     7
       Petrified         |       |       |       |       |     1 ||     1
Armor: Robe              |     9 |    11 |       |    62 |   122 ||   204
       Leather armour    |       |    13 |    66 |    14 |       ||    93
       Skin              |       |       |       |    14 |     2 ||    16
Dodge: Dodged            |    51 |    85 |   203 |   538 |  1046 ||  1923
Block: Buckler           |       |       |       |       |    12 ||    12

Table legend: (Time is in decaauts)
 A = Elapsed time spent in this place.
 B = Non-inter-level travel time spent in this place.
 C = Inter-level travel time spent in this place.
 D = Time resting spent in this place.
 E = Time spent auto-exploring this place.
 F = Levels seen in this place.
 G = Mean time per level.
                   A        B        C        D        E       F      G
               +--------+--------+--------+--------+--------+-----+--------+
         Total |  27105 |  25549 |   1556 |   5832 |  14491 |  20 | 1355.2 |
       Dungeon |  17066 |  16004 |   1062 |   3341 |   9680 |  13 | 1312.8 |
          Lair |   9035 |   8542 |    493 |   2194 |   4715 |   6 | 1505.8 |
        Bailey |   1003 |   1003 |      0 |    296 |     96 |   1 | 1003.0 |
               +--------+--------+--------+--------+--------+-----+--------+

Top non-repeatable levels by time:
     D:9: 2055 daAuts
     D:8: 2046 daAuts
  Lair:4: 1948 daAuts
  Lair:5: 1894 daAuts
     D:3: 1747 daAuts
  Lair:3: 1629 daAuts
     D:5: 1587 daAuts
     D:6: 1557 daAuts
     D:7: 1361 daAuts
  Lair:2: 1348 daAuts
     D:2: 1263 daAuts
  Lair:6: 1211 daAuts
    D:10: 1165 daAuts
    D:11: 1160 daAuts
     D:1: 1137 daAuts
